 Dungeon Crawl Stone Soup version 0.30-a0-605-gb2882149bf (webtiles) character file.

Game seed: 183652928247005693

2989 somkeydreadnuts the Geomancer (level 9, -4/53 HPs)
             Began as a Gargoyle Earth Elementalist on Jan 8, 2023.
             Was an Initiate of Vehumet.
             Slain by an orc warrior
             ... wielding a +0 glaive
              (8 damage)
             ... in a bailey.
             The game lasted 00:33:59 (6197 turns).

somkeydreadnuts the Geomancer (GrEE)                Turns: 6197, Time: 00:34:01

Health: -4/53      AC: 14    Str: 17    XL:     9   Next: 83%
Magic:  7/15       EV: 12    Int: 21    God:    Vehumet [......]
Gold:   412        SH:  4    Dex: 18    Spells: 15/16 levels left

rFire   + . .      SeeInvis +    v - +11 hand axe of Ifoin {spect, rF+ rC- rN+ Dex+2}
rCold   x . .      Faith    .    e - +0 buckler
rNeg    + + .      Spirit   .    a - +0 robe
rPois   ∞          Reflect  .    w - +2 hat {SInv}
rElec   +          Harm     .    j - +0 cloak
rCorr   .          Rampage  .    k - +1 pair of gloves
Will    .....                    o - +0 pair of boots
Stlth   ++                       (no amulet)
HPRegen 0.28/turn                c - +6 ring of strength
MPRegen 0.14/turn                y - +6 ring of dexterity

@: no status effects
A: sickness immunity, AC +6, negative energy resistance 1, electricity
resistance, torment resistance 1, petrification resistance
a: Renounce Religion


You were in a bailey.
You worshipped Vehumet.
Vehumet was noncommittal.
You visited 2 branches of the dungeon, and saw 8 of its levels.
You also visited: Bailey.

You collected 412 gold pieces.

Inventory:

Hand Weapons
 v - the +11 hand axe of Ifoin (weapon) {spect, rF+ rC- rN+ Dex+2}
   (You found it on level 2 of the Dungeon)

   Dex:       It affects your dexterity (+2).
   rF:        It protects you from fire.
   rC:        It makes you vulnerable to cold.
   rN:        It protects you from negative energy.
Missiles
 i - 80 stones
 L - a throwing net
Armour
 a - a +0 robe (worn)
 e - a +0 buckler (worn)
 j - a +0 cloak (worn)
 k - a +1 pair of gloves (worn)
 o - a +0 pair of boots (worn)
 w - a +2 hat of see invisible (worn)
 F - a +1 leather armour of fire resistance
Magical Staves
 p - a staff of earth
Jewellery
 c - a +6 ring of strength (left hand)
 y - a +6 ring of dexterity (right hand)
 z - a ring of resist corrosion
 G - the amulet "Pafage Zunam" {Faith Str+4}
   (You found it on level 5 of the Dungeon)

   [amulet of faith]

   It allows you to gain divine favour quickly.
   Str:       It affects your strength (+4).
 N - a ring of protection from fire
 O - a ring of see invisible
Wands
 B - a wand of paralysis (11)
 I - a wand of flame (38)
 K - a wand of roots (8)
 M - a wand of mindburst (9)
Scrolls
 d - 2 scrolls of silence {unknown}
 f - 2 scrolls of teleportation {unknown}
 g - 4 scrolls of noise {unknown}
 h - a scroll of blinking {unknown}
 n - 4 scrolls of enchant weapon {unknown}
 q - a scroll of immolation {unknown}
 t - 4 scrolls of poison {unknown}
 x - 10 scrolls of identify {unknown}
 D - a scroll of acquirement {unknown}
 E - 2 scrolls of enchant armour {unknown}
Potions
 b - a potion of magic
 l - 2 potions of heal wounds {unknown}
 m - 3 potions of brilliance {unknown}
 r - 2 potions of degeneration {unknown}
 s - 2 potions of haste {unknown}
 u - a potion of flight {unknown}
 A - a potion of resistance
 C - a potion of attraction {unknown}
 H - a potion of lignification {unknown}
 J - a potion of ambrosia {unknown}


   Skills:
 + Level 4.9 Fighting
 - Level 6.8 Axes
 - Level 1.7 Dodging
 - Level 2.1 Stealth
 - Level 4.3 Spellcasting
 - Level 0.7 Transmutations
 - Level 11.2 Earth Magic


You had 15 spell levels left.
You knew the following spells:

 Your Spells              Type           Power      Damage    Failure   Level
a - Sandblast             Erth           100%       2d20      1%          1

Your spell library contained the following spells:

 Spells                   Type           Power      Damage    Failure   Level
 Passwall                 Tmut/Erth      24%        N/A       1%          2
 Stone Arrow              Conj/Erth      56%        3d10      4%          3
 Petrify                  Tmut/Erth      29%        N/A       14%         4
 Magic Dart               Conj           16%        1d3       16%         1
 Summon Small Mammal      Summ           16%        N/A       16%         1
 Searing Ray              Conj           8%         2d4       24%         2
 Call Canine Familiar     Summ           4%         N/A       43%         3
 Summon Guardian Golem    Hex/Summ       4%         N/A       43%         3
 Fulminant Prism          Conj/Hex       2%         3d5       83%         4
 Iron Shot                Conj/Erth      14%        9d4       94%         6
 Iskenderun's Battlesphe  Conj           4%         2d6       99%         5
 Spellforged Servitor     Conj/Summ      2%         N/A       100%        7


Dungeon Overview and Level Annotations

Branches:
Dungeon (7/15)             Temple (1/1) D:4          Bailey (1/1)

Altars:
Ashenzari
Cheibriados
Dithmenos
Elyvilon
Fedhas
Gozag
Hepliaklqana
Kikubaaqudgha
Makhleb
Nemelex Xobeh
Okawaru
Qazlal
Ru
Trog
Uskayaw
Vehumet
Wu Jian
Xom
The Shining One

Annotations:
D:6 2 transporters


Innate Abilities, Weirdness & Mutations

You are immune to sickness and miasma.
Your stone body is resilient. (AC +6)
You are immune to poison.
You resist negative energy. (rN+)
You are resistant to electric shocks. (rElec)
You are resistant to unholy torment.
You are immune to petrification.


Message History

The orc warrior hits you from afar with a +0 glaive!
An orc warrior comes into view. It is wielding a +0 glaive.
There is a large open door here.
Casting: Sandblast (safe; 1% risk of failure)
Confirm with . or Enter, or press ? or * to list all spells.
Aiming: Sandblast (safe; 1% risk of failure)
Press: ? - help, Shift-Dir - straight line, f/p - orc warrior
Aim: an orc warrior, wielding a +0 glaive and wearing a +0 scale mail (almost dead, 82% to hit)
The blast of sand hits the orc warrior!!
You kill the orc warrior!
Vehumet accepts your kill.
Casting: Sandblast (safe; 1% risk of failure)
Confirm with . or Enter, or press ? or * to list all spells.
Aiming: Sandblast (safe; 1% risk of failure)
Press: ? - help, Shift-Dir - straight line, f - orc warrior
Aim: an orc warrior, wielding a +0 spear and wearing a +0 ring mail (82% to hit)
The blast of sand hits the orc warrior!!
The orc warrior is severely wounded.
The orc warrior hits you but does no damage. x2
The orc warrior hits you from afar with a +0 glaive!
The orc hits you from afar with a +0 halberd!
* * * LOW HITPOINT WARNING * * *
You hit the orc warrior.
The orc warrior is almost dead.
Your +11 hand axe of Ifoin {spect, rF+ rC- rN+ Dex+2} hits the orc warrior!
You kill the orc warrior!
Vehumet accepts your kill.
The orc warrior hits you from afar with a +0 glaive!
* * * LOW HITPOINT WARNING * * *
You block the orc's attack.
You swap places.
Casting: Sandblast (safe; 1% risk of failure)
Confirm with . or Enter, or press ? or * to list all spells.
Aiming: Sandblast (safe; 1% risk of failure)
Press: ? - help, Shift-Dir - straight line, f - orc warrior
Aim: an orc warrior, wielding a +0 glaive and wearing a +0 chain mail (84% to hit)
The blast of sand hits the orc warrior.
The orc warrior is lightly wounded.
The orc warrior hits you from afar with a +0 glaive!
You die...

####. #..≈≈≈≈≈..####
.....#...≈≈≈≈.....###
...##...≈≈≈≈..♣♣...♣♣♣
#..#....≈ ≈..♣......♣♣
#8.#...######.........♣
#..#...............∩..♣
#..').................♣
#..'oo.@).............♣
#.)#....)..........∩..♣
#8.#...######.........♣
#.o#....≈≈≈≈.........♣♣
.o.o.o.o##.♣.≈≈≈≈..♣....♣♣♣
.........#...≈≈≈≈.....###
#######.$#..♣≈≈≈≈..♣.##
####..♣≈≈≈≈≈...#
#....♣♣≈≈≈≈≈.♣


You could see an orc warrior and an orc.

Vanquished Creatures
  Pikel (D:5)
  Sigmund (D:5)
  Menkaure (D:5)
  4 orc warriors (Bailey)
  A sky beast (D:6)
  A black bear (D:5)
  2 ice beasts
  A phantom (D:3)
  A lemure (D:5)
  2 kobold brigands (D:6)
  4 scorpions
  2 necrophages
  A gnoll sergeant (D:6)
  A jelly (D:6)
  A hound (D:4)
  Crazy Yiuf (D:3)
  4 orc priests
  3 gnoll boudas
  Ijyb (D:3)
  3 iguanas
  3 orc wizards
  Robin (D:3)
  16 gnolls
  8 adders
  A shadow imp (D:5)
  2 white imps
  A worm (D:5)
  A dart slug (D:1)
  25 orcs
  5 ball pythons
  11 endoplasms
  2 giant cockroaches
  16 goblins
  9 hobgoblins
  3 jackals (D:2)
  21 kobolds
  4 quokkas
  8 bats
  6 frilled lizards
  11 rats
190 creatures vanquished.

Vanquished Creatures (others)
  A wizard (D:3)
  4 plants
5 creatures vanquished.

Grand Total: 195 creatures vanquished

Notes
Turn   | Place    | Note
-------+----------+-------------------------------------------
     0 | D:1      | somkeydreadnuts the Gargoyle Earth Elementalist began the
                  | quest for the Orb.
     0 | D:1      | Reached XP level 1. HP: 10/10 MP: 3/3
   119 | D:1      | Reached skill level 4 in Earth Magic
   123 | D:1      | You fall into a shaft and drop 1 floor!
   136 | D:2      | Reached XP level 2. HP: 15/15 MP: 0/5
   516 | D:1      | Reached XP level 3. HP: 19/19 MP: 3/6
  1445 | D:2      | Reached XP level 4. HP: 24/24 MP: 5/8
  1562 | D:2      | Reached skill level 5 in Earth Magic
  1797 | D:2      | Identified the +11 hand axe of Ifoin {spect, rF+ rC- rN+
                  | Dex+2}
  2061 | D:3      | Found a blossoming altar of Fedhas.
  2261 | D:3      | Noticed a phantom
  2269 | D:3      | Killed a phantom
  2270 | D:3      | Reached XP level 5. HP: 15/28 MP: 4/10
  2364 | D:3      | Found a runed translucent door.
  2365 | D:3      | Noticed Crazy Yiuf
  2370 | D:3      | Killed Crazy Yiuf
  2371 | D:3      | Reached skill level 6 in Earth Magic
  2531 | D:3      | Noticed Robin
  2540 | D:3      | Reached XP level 6. HP: 26/32 MP: 9/12
  2540 | D:3      | Killed Robin
  2591 | D:3      | Found a glowing golden altar of the Shining One.
  2633 | D:3      | Noticed Ijyb
  2639 | D:3      | Killed Ijyb
  3044 | D:3      | Found a bloodstained altar of Trog.
  3046 | D:3      | Noticed a wizard
  3050 | D:3      | Killed a wizard
  3137 | D:4      | Reached skill level 1 in Axes
  3144 | D:4      | Reached skill level 7 in Earth Magic
  3144 | D:4      | Reached XP level 7. HP: 25/36 MP: 7/13
  3272 | D:4      | Found a shadowy altar of Dithmenos.
  3653 | D:4      | Found a staircase to the Ecumenical Temple.
  3658 | Temple   | Entered the Ecumenical Temple
  3999 | D:4      | Found an opulent altar of Gozag.
  4057 | D:4      | Found a broken altar of Ashenzari.
  4220 | D:5      | Entered Level 5 of the Dungeon
  4229 | D:5      | Reached skill level 8 in Earth Magic
  4334 | D:5      | Noticed Pikel
  4346 | D:5      | Killed Pikel
  4347 | D:5      | Reached skill level 9 in Earth Magic
  4347 | D:5      | Reached XP level 8. HP: 10/41 MP: 10/14
  4678 | D:5      | Found a hazy altar of Hepliaklqana.
  4682 | D:5      | Reached skill level 5 in Axes
  4725 | D:5      | Identified the amulet "Pafage Zunam" {Faith Str+4}
  4736 | D:5      | Noticed Menkaure
  4739 | D:5      | Killed Menkaure
  4767 | D:5      | Reached skill level 10 in Earth Magic
  5074 | D:5      | Noticed Sigmund
  5078 | D:5      | Killed Sigmund
  5079 | D:5      | Reached XP level 9. HP: 45/45 MP: 11/15
  5563 | D:6      | Reached skill level 11 in Earth Magic
  5713 | D:6      | Found a transporter.
  5801 | D:6      | Found a transporter.
  5818 | D:6      | Found a radiant altar of Vehumet.
  5825 | D:6      | Became a worshipper of Vehumet
  5913 | D:6      | Reached skill level 1 in Fighting
  6072 | D:6      | Found an ancient bone altar of Kikubaaqudgha.
  6113 | D:7      | Found a flagged portal.
  6129 | Bailey   | Entered a bailey
  6197 | Bailey   | Slain by an orc warrior

Illustrated notes

Levels and vault maps discovered:
D:1:      dpeg_arrival_concentric_ovals, layout_rooms,
          chequers_serial_rivers_small_b, kennysheep_pointless_box
D:2:      minmay_inner_zag, layout_basic
D:3:      layout_basic, general_overflow_altar, tso_oasis_becter, trog_wizard,
          grunt_ministairs_13, minivault_11, uniq_crazy_yiuf_cottage, uniq_ijyb,
          uniq_robin
D:4:      layout_basic, nicolae_gozag_seed_capital, nicolae_ashenzari_skybound,
          nicolae_dithmenos_shadow_blocks, temple_doors_ab
D:5:      layout_basic, mainiacjoe_overflow_boulevard, hex_intersection,
          uniq_menkaure, uniq_pikel, uniq_sigmund
D:6:      gammafunk_cloud_chamber, layout_rooms, nicolae_vehumet_altar_sigil,
          nicolae_kikubaaqudgha_miasma_corner, minmay_misc_feat_x
D:7:      layout_layer_cave, zin_academy, enter_bailey_5,
          hangedman_abyss_or_decor_stabs, minmay_crystal_water, uniq_joseph
Temple:   hellmonk_temple_beads
Bailey:   bailey_polearm_elven_captive_hellmonk, bailey

Skill      XL: |  1  2  3  4  5  6  7  8  9 |
---------------+----------------------------+-----
Earth Magic    | 4 5 6 7 9 10 11 | 11.2
Spellcasting   | 3 4 |  4.3
Axes           | 1 4 5 6 |  6.8
Fighting       | 4 |  4.9
Dodging        | |  1.7
Stealth        | |  2.1
Transmutations | |  0.7

Action                   |  1- 3 |  4- 6 |  7- 9 || total
-------------------------+-------+-------+-------++-------
Melee: Unarmed           |     3 |       |       ||     3
       Hand axe          |       |    40 |    67 ||   107
 Cast: Sandblast         |    53 |    43 |    96 ||   192
 Stab: Sleeping          |       |       |     1 ||     1
       Distracted        |       |       |     1 ||     1
Armor: Robe              |     6 |    27 |    21 ||    54
Dodge: Dodged            |    16 |    36 |    28 ||    80
Block: Buckler           |     2 |    11 |    12 ||    25

Table legend: (Time is in decaauts)
 A = Elapsed time spent in this place.
 B = Non-inter-level travel time spent in this place.
 C = Inter-level travel time spent in this place.
 D = Time resting spent in this place.
 E = Time spent auto-exploring this place.
 F = Levels seen in this place.
 G = Mean time per level.
                   A        B        C        D        E       F      G
               +--------+--------+--------+--------+--------+-----+--------+
         Total |   6316 |   6290 |     26 |      0 |   4518 |   9 |  701.8 |
       Dungeon |   6009 |   5983 |     26 |      0 |   4406 |   7 |  858.4 |
        Temple |    232 |    232 |      0 |      0 |     89 |   1 |  232.0 |
        Bailey |     73 |     73 |      0 |      0 |     23 |   1 |   73.0 |
               +--------+--------+--------+--------+--------+-----+--------+

Top non-repeatable levels by time:
     D:2: 1146 daAuts
     D:5: 1136 daAuts
     D:3: 1106 daAuts
     D:1: 933 daAuts
     D:4: 876 daAuts
     D:6: 793 daAuts
  Temple: 232 daAuts
  Bailey: 73 daAuts
     D:7: 18 daAuts
